 Dungeon Crawl Stone Soup version bcrawl-1.20 (webtiles) character file.

Game seed: 753946780770928168

2168 Mrkan the Basher (level 9, -3/79 HPs)
             Began as a Minotaur Fighter on Jan 21, 2020.
             Was a Priest of Okawaru.
             Slain by a troll (10 damage)
             ... on level 6 of the Dungeon.
             The game lasted 00:08:12 (6975 turns).

Mrkan the Basher (Minotaur Fighter)                 Turns: 6975, Time: 00:08:13

Health: -3/79      AC: 10    Str: 27    XL:     9   Next: 10%
Magic:  8/8        EV:  8    Int:  5    God:    Okawaru [***...]
Gold:   398        SH: 11    Dex: 12    Spells: 8/8 levels left

rFire    . . .     SeeInvis .   w - +0 morningstar
rCold    . . .     Gourm    .   c - +0 shield
rNeg     . . .     Faith    .   b - +0 scale mail
rPois    .         Spirit   .   (helmet restricted)
rElec    .         Reflect  .   l - +0 cloak
rCorr    .         Harm     .   (no gloves)
MR       .....                  a - +0 pair of boots
Stlth    ..........             (no amulet)
HPRegen  0.23/turn              (no ring)
MPRegen  0.11/turn              (no ring)

@: mighty
A: retaliatory headbutt, horns 2
a: Heroism, Renounce Religion


You were on level 6 of the Dungeon.
You worshipped Okawaru.
Okawaru was most pleased with you.
You were not hungry.

You visited 1 branch of the dungeon, and saw 6 of its levels.
You also visited: Ossuary.

You collected 398 gold pieces.

Inventory:

Hand Weapons
 w - a +0 morningstar (weapon)
Armour
 a - a +0 pair of boots (worn)
 b - a +0 scale mail (worn)
 c - a +0 shield (worn)
 l - a +0 cloak (worn)
 x - the cursed +0 chain mail of Qenyggal {Str+6 Int+6 Dex-5, unknown}
   (You found it on level 4 of the Dungeon)

   It affects your strength (+6).
   It affects your intelligence (+6).
   It affects your dexterity (-5).
   It has a curse placed upon it.
Jewellery
 h - an uncursed ring of magical power {unknown}
 B - an uncursed amulet of faith {unknown}
Scrolls
 f - 12 scrolls of identify {unknown}
 i - a scroll of magic mapping {unknown}
 j - 2 scrolls of noise {unknown}
 k - 2 scrolls of teleportation {unknown}
 m - 6 scrolls of remove curse {unknown}
 p - a scroll of fog {unknown}
 r - 2 scrolls of enchant weapon {unknown}
 s - 2 scrolls of fear {unknown}
 t - 2 scrolls of blinking {unknown}
 y - a scroll of enchant armour {unknown}
Potions
 d - a potion of might
 g - 3 potions of haste {unknown}
 n - 2 potions of mutation {unknown}
 o - 4 potions of heal wounds {unknown}
 q - 3 potions of curing {unknown}
 u - 2 potions of cancellation {unknown}
 v - 4 potions of flight {unknown}
 z - 2 potions of degeneration {unknown}
 A - a potion of ambrosia {unknown}
Comestibles
 e - 10 rations {!d}


   Skills:
 + Level 7.4 Fighting
 * Level 9.4 Maces & Flails
 + Level 7.4 Armour
 + Level 7.4 Shields


You had 8 spell levels left.
You didn't know any spells.
Your spell library contained the following spells:

 Spells                   Type           Power        Failure   Level  Hunger
 Animate Skeleton         Necr           N/A          96%         1    ##.....
 Pain                     Necr           #.....       96%         1    ##.....
 Regeneration             Chrm/Necr      #.........   100%        3    ####...
 Vampiric Draining        Necr           #.........   100%        3    ####...
 Animate Dead             Necr           N/A          100%        4    #####..
 Bolt of Draining         Conj/Necr      #.........   100%        5    ######.


Dungeon Overview and Level Annotations

Branches:
Dungeon (6/12)             Temple (0/1) D:4

Altars:
Lugonu
Okawaru
Ru
Trog
Yredelemnul


Innate Abilities, Weirdness & Mutations

You reflexively headbutt those who attack you in melee.
You have a pair of horns on your head.


Message History

The troll closely misses you. You block the troll's attack.
The troll claws you.
You hit the troll. Your headbutt misses the troll.
The troll is moderately wounded.
The troll bites you. You block the troll's attack. x2
The troll bites you. The troll claws you but does no damage.
The troll claws you.
Okay, then.
You feel very mighty all of a sudden.
Your shield prevents you from hitting the troll.
The troll bites you! The troll claws you!
* * * LOW HITPOINT WARNING * * *
You block the troll's attack. The troll barely misses you.
You furiously retaliate!
You headbutt the troll! The troll claws you!
* * * LOW HITPOINT WARNING * * *
You block the troll's attack.
You sock the troll! Your headbutt misses the troll.
The troll is severely wounded.
The troll bites you!
You die...

##########
#######........######
#..T@.'..............
#.#####........######
#.# #........# #.#
########## #.# #.#
#.# #.# #.#


You could see a troll.

Vanquished Creatures
  A basilisk (D:5)
  A yak (D:5)
  2 necrophages
  An ice beast (D:5)
  An ogre (D:5)
  A phantom (D:5)
  10 scorpions
  A howler monkey (D:3)
  2 centaur zombies
  3 orc priests
  5 hounds
  2 orc wizards
  2 centaur skeletons
  6 worker ants
  2 iguanas (D:5)
  A big kobold zombie (Ossuary)
  A hound zombie (D:6)
  4 mummies
  A hound skeleton (D:6)
  A worker ant zombie (D:5)
  7 adders
  2 scorpion zombies (Ossuary)
  2 shadow imps (D:5)
  An ooze (D:2)
  An adder skeleton (D:4)
  2 dart slugs
  A worm (D:2)
  3 leopard geckos
  9 orcs
  3 giant cockroaches
  5 goblins
  7 hobgoblins
  12 jackals
  2 quokkas
  A ball python (D:5)
  4 bats
  3 frilled lizards
  3 gnoll zombies (Ossuary)
  3 goblin zombies (Ossuary)
  3 hobgoblin zombies
  3 kobolds
  4 kobold zombies
  4 orc zombies
  A quokka zombie (D:5)
  3 rats
137 creatures vanquished.

Vanquished Creatures (others)
  2 scorpions (Ossuary)
  A mummy (Ossuary)
  An orc zombie (Ossuary)
4 creatures vanquished.

Grand Total: 141 creatures vanquished

Notes
Turn   | Place    | Note
-------+----------+-------------------------------------------
     0 | D:1      | Mrkan the Minotaur Fighter began the quest for the Orb.
     0 | D:1      | Reached XP level 1. HP: 19/19 MP: 0/0
   158 | D:1      | Reached XP level 2. HP: 24/27 MP: 1/1
   284 | D:1      | Reached skill level 3 in Maces & Flails
   840 | D:2      | Reached XP level 3. HP: 33/33 MP: 2/2
  1009 | D:2      | Found a sacrificial altar of Ru.
  1013 | D:2      | Found an iron altar of Okawaru.
  1013 | D:2      | Found a corrupted altar of Lugonu.
  1013 | D:2      | Found a basalt altar of Yredelemnul.
  1031 | D:2      | Became a worshipper of Warmaster Okawaru
  1332 | D:2      | Reached XP level 4. HP: 23/40 MP: 3/3
  1981 | D:3      | Reached skill level 4 in Maces & Flails
  2026 | D:3      | Reached XP level 5. HP: 36/47 MP: 4/4
  3489 | D:4      | Found a staircase to the Ecumenical Temple.
  3622 | D:4      | Reached skill level 5 in Maces & Flails
  3661 | D:4      | Reached skill level 5 in Fighting
  3661 | D:4      | Reached skill level 5 in Shields
  3661 | D:4      | Reached XP level 6. HP: 56/56 MP: 5/5
  3711 | D:4      | Reached skill level 5 in Armour
  3841 | D:4      | Got a steaming chain mail
  4153 | D:4      | Reached * piety under Okawaru
  4463 | D:5      | Entered Level 5 of the Dungeon
  4562 | D:5      | Reached skill level 6 in Maces & Flails
  4562 | D:5      | Reached XP level 7. HP: 61/61 MP: 6/6
  4608 | D:5      | Found a sand-covered staircase.
  4617 | Ossuary  | Entered an ossuary
  4841 | Ossuary  | Reached skill level 7 in Maces & Flails
  5264 | Ossuary  | Reached ** piety under Okawaru
  5367 | Ossuary  | Reached XP level 8. HP: 67/70 MP: 7/7
  5792 | D:5      | Reached skill level 8 in Maces & Flails
  6186 | D:5      | Found a bloodstained altar of Trog.
  6555 | D:5      | Reached skill level 9 in Maces & Flails
  6596 | D:5      | Reached *** piety under Okawaru
  6797 | D:6      | Reached XP level 9. HP: 79/79 MP: 8/8
  6942 | D:6      | Noticed a troll
  6975 | D:6      | Slain by a troll

Skill      XL: |  1  2  3  4  5  6  7  8 |
---------------+-------------------------+-----
Maces & Flails | 3 4 5 6 7 9 |  9.4
Fighting       | 4 5 6 7 |  7.4
Shields        | 4 5 6 7 |  7.4
Armour         | 4 5 6 7 |  7.4

Action                   |  1- 3 |  4- 6 |  7- 9 || total
-------------------------+-------+-------+-------++-------
Melee: Flail             |    75 |    66 |       ||   141
       Headbutt          |     8 |    17 |    35 ||    60
       Morningstar       |       |    60 |   232 ||   292
  Use: Potion            |       |       |     1 ||     1
  Eat: Chunk             |     1 |    11 |     4 ||    16
       Ration            |       |       |     1 ||     1
Armor: Scale mail        |    27 |    54 |    77 ||   158
Dodge: Dodged            |    28 |    35 |    56 ||   119
Block: Shield            |    43 |    71 |   107 ||   221
